 Dungeon Crawl Stone Soup version 0.29-a0-284-gf9362112df (webtiles) character file.

Game seed: 15957344013521163798

590 mistaj the Shield-Bearer (level 7, -4/66 HPs)
             Began as a Deep Dwarf Fighter on Mar 22, 2022.
             Slain by an ogre
             ... wielding a +0 giant club
              (23 damage)
             ... on level 6 of the Dungeon.
             The game lasted 00:07:49 (3293 turns).

mistaj the Shield-Bearer (Deep Dwarf Fighter)       Turns: 3293, Time: 00:07:50

Health: -4/66      AC: 13    Str: 21    XL:     7   Next: 16%
Magic:  7/7        EV:  7    Int:  9    God:
Gold:   112        SH:  5    Dex: 12    Spells: 6/6 levels left

rFire   . . .      SeeInvis .   a - +0 war axe
rCold   . . .      Faith    .   c - +0 buckler
rNeg    . . .      Spirit   .   h - +0 chain mail
rPois   .          Reflect  .   t - +0 helmet
rElec   .          Harm     .   y - +0 cloak
rCorr   .          Rampage  .   n - +0 pair of gloves
Will    ++...                   (no boots)
Stlth   ..........              (no amulet)
HPRegen 0.00/turn               o - ring of willpower
MPRegen 0.10/turn               (no ring)

@: no status effects
A: damage resistance, heal wounds, sense surroundings 1, no regeneration
a: Heal Wounds


You were on level 6 of the Dungeon.
You visited 1 branch of the dungeon, and saw 6 of its levels.

You collected 166 gold pieces.
You spent 54 gold pieces at shops.

Inventory:

Hand Weapons
 a - a +0 war axe (weapon)
Missiles
 x - 2 poisoned darts
Armour
 c - a +0 buckler (worn)
 h - a +0 chain mail (worn)
 n - a +0 pair of gloves (worn)
 t - a +0 helmet (worn)
 y - a +0 cloak (worn)
Jewellery
 b - a ring of flight
 k - a ring of fire
 o - a ring of willpower (left hand)
 p - a ring of ice
 s - a ring of magical power
 u - a ring of protection from fire
Scrolls
 e - 2 scrolls of blinking {unknown}
 f - 3 scrolls of identify
 g - a scroll of fog {unknown}
 i - 2 scrolls of teleportation {unknown}
 j - a scroll of vulnerability {unknown}
 q - a scroll of fear {unknown}
 r - a scroll of silence {unknown}
 v - a scroll of amnesia {unknown}
Potions
 d - a potion of might
 l - a potion of attraction
 m - 2 potions of brilliance
 w - a potion of lignification


   Skills:
 + Level 4.3 Fighting
 + Level 4.7 Axes
 + Level 5.3 Armour
 + Level 5.3 Shields


You had 6 spell levels left.
You didn't know any spells.
Your spell library contained the following spells:

 Spells                   Type           Power      Damage    Failure   Level
 Ignite Poison            Fire/Tmut/Pois 0%         N/A       100%        3
 Mephitic Cloud           Conj/Pois/Air  0%         N/A       100%        3
 Freezing Cloud           Conj/Ice/Air   0%         6-21      100%        5


Dungeon Overview and Level Annotations

Branches:
Dungeon (6/15)
 Temple: D:4-7

Altars:
Cheibriados
Qazlal
Wu Jian

Shops:
D:5 *


Innate Abilities, Weirdness & Mutations

You are resistant to damage.
You can heal yourself by infusing magical energy.
You passively map a small area around you.
You do not regenerate.


Message History

You climb downwards.
There is a stone staircase leading up here.
An orc warrior and an orc come into view.
Found a stone staircase leading down.
The orc warrior shouts!
The orc shouts!
You hear a shout!
An orc priest comes into view. It is wielding a +0 mace.
There is a stone staircase leading up here.
You climb upwards.
There is a stone staircase leading down here.
Search for what [? for help]? axe
As you read the scroll labelled LUTUSH SOHO, it crumbles to dust.
It is a scroll of identify.
m - 2 potions of brilliance
As you read the scroll of identify, it crumbles to dust.
l - a potion of attraction
As you read the scroll of identify, it crumbles to dust.
w - a potion of lignification
There is a stone staircase leading down here.
You climb downwards.
Found 24 stones.
There is a stone staircase leading up here.
A white imp comes into view.
The white imp shouts, "Remove thy stench, thou spongy moldwarp serf!"
An ogre comes into view. It is wielding a +0 giant club.
The white imp moves out of view.
You see here 24 stones.
Found a scroll labelled BALOKUSUECI.
The ogre hits you but does no damage.
The white imp hits you but does no damage.
The white imp gestures at you.
The puff of frost hits you but does no damage.
You see here 24 stones.
You slash the ogre!
The ogre is moderately wounded.
The ogre hits you with a +0 giant club!!
* * * LOW HITPOINT WARNING * * *
You slash the ogre!
The ogre is almost dead.
The ogre hits you with a +0 giant club!!
You die...

, * * * * * , *
, , , , * , * ,
#######.# * * ,
#5O@<...# , ,
*#.#####.#,
*.......5.......
.........##....,
, #######?.#
.#**, #..#, * *
#..# , ,, #..# ,
* * #..# , * ,*


You could see an ogre and a white imp.

Vanquished Creatures
  A steam dragon (D:4)
  An ice beast (D:5)
  A black bear (D:4)
  A scorpion (D:3)
  A jelly (D:5)
  Terence (D:3)
  An iguana (D:5)
  5 adders
  A shadow imp (D:5)
  A worm (D:2)
  A dart slug (D:2)
  9 orcs
  6 endoplasms
  5 giant cockroaches
  7 goblins
  2 hobgoblins
  3 jackals (D:1)
  7 kobolds
  4 quokkas
  7 ball pythons
  4 bats
  2 frilled lizards
  2 rats (D:3)
73 creatures vanquished.

Notes
Turn   | Place    | Note
-------+----------+-------------------------------------------
     0 | D:1      | mistaj the Deep Dwarf Fighter began the quest for the Orb.
     0 | D:1      | Reached XP level 1. HP: 20/20 MP: 1/1
   187 | D:1      | Reached XP level 2. HP: 24/27 MP: 2/2
   465 | D:2      | Reached XP level 3. HP: 32/34 MP: 3/3
   502 | D:2      | Found a snail-covered altar of Cheibriados.
  1106 | D:3      | Reached XP level 4. HP: 36/42 MP: 4/4
  1239 | D:3      | Noticed a scorpion
  1246 | D:3      | Killed a scorpion
  1247 | D:3      | Reached XP level 5. HP: 34/49 MP: 5/5
  1352 | D:3      | Noticed Terence
  1366 | D:3      | Killed Terence
  1395 | D:3      | Found a stormy altar of Qazlal.
  1713 | D:3      | Found a faded altar of an unknown god.
  1815 | D:4      | Noticed a black bear
  1905 | D:4      | Noticed a steam dragon
  1930 | D:4      | Killed a steam dragon
  1931 | D:4      | Reached XP level 6. HP: 38/57 MP: 6/6
  2324 | D:4      | Identified the +7 hunting sling of Ru's Castigation {venom,
                  | Int+4 Dex+8 Stlth-}
  2406 | D:4      | Reached skill level 5 in Shields
  2529 | D:4      | Found an ornate altar of the Wu Jian Council.
  2668 | D:5      | Entered Level 5 of the Dungeon
  2794 | D:5      | Reached skill level 5 in Armour
  3018 | D:5      | Noticed an ice beast
  3039 | D:5      | Killed an ice beast
  3040 | D:5      | Reached XP level 7. HP: 48/66 MP: 7/7
  3170 | D:5      | Found Nuxuckor's General Store.
  3189 | D:5      | Bought a +0 cloak for 54 gold pieces
  3293 | D:6      | Slain by an ogre

Illustrated notes

Levels and vault maps discovered:
D:1:      lightli_iron_boxes, layout_basic
D:2:      layout_loops_ring, basic_altar
D:3:      layout_basic, nicolae_qazlal_general_emergency,
          ebering_ecumenical_altar_abandoned, serial_bayou_pond_d, uniq_terence
D:4:      layout_basic, mainiacjoe_overflow_alcove_4
D:5:      layout_basic, serial_shops, nicolae_shop_statue_plus
D:6:      layout_loops_ring, minmay_temple_entry_trees

Skill      XL: |  1  2  3  4  5  6 |
---------------+-------------------+-----
Fighting       | 3 4 |  4.3
Axes           | 3 4 |  4.7
Shields        | 4 5 |  5.3
Armour         | 4 5 |  5.3

Action                   |  1- 3 |  4- 6 |  7- 9 || total
-------------------------+-------+-------+-------++-------
Melee: War axe           |    96 |   126 |    12 ||   234
 Abil: Heal Wounds       |     1 |     6 |       ||     7
  Use: Scroll            |       |       |     3 ||     3
Armor: Scale mail        |    45 |       |       ||    45
       Chain mail        |    19 |    82 |     6 ||   107
Dodge: Dodged            |    43 |    47 |     2 ||    92
Block: Buckler           |    30 |    24 |     1 ||    55

Table legend: (Time is in decaauts)
 A = Elapsed time spent in this place.
 B = Non-inter-level travel time spent in this place.
 C = Inter-level travel time spent in this place.
 D = Time resting spent in this place.
 E = Time spent auto-exploring this place.
 F = Levels seen in this place.
 G = Mean time per level.
                   A        B        C        D        E       F      G
               +--------+--------+--------+--------+--------+-----+--------+
         Total |   3379 |   3206 |    173 |    207 |   1912 |   6 |  563.2 |
       Dungeon |   3379 |   3206 |    173 |    207 |   1912 |   6 |  563.2 |
               +--------+--------+--------+--------+--------+-----+--------+

Top non-repeatable levels by time:
     D:4: 889 daAuts
     D:3: 733 daAuts
     D:2: 670 daAuts
     D:5: 625 daAuts
     D:1: 442 daAuts
     D:6: 17 daAuts
